 Dungeon Crawl Stone Soup version 0.31.0-11-ge490571c62 (webtiles) character file.

Game seed: 7558667019072342136

4697 stipulation the Reanimator (level 10, -7/44 HPs)
             Began as a Vine Stalker Necromancer on Jan 28, 2024.
             Mangled by a shadow (26 damage)
             ... on level 9 of the Dungeon.
             The game lasted 00:19:37 (10290 turns).

stipulation the Reanimator (VSNe)                  Turns: 10290, Time: 00:19:38

Health: -7/44      AC:  6    Str: 17    XL:     10   Next: 45%
Magic:  0/24       EV: 12    Int: 19    God:
Gold:   467        SH:  0    Dex: 15    Spells: 15/27 levels left

rFire   . . .        L - +1 dagger (pain)
rCold   . . .        (no shield)
rNeg    + . .        M - +1 robe {rN+}
rPois   .            I - +0 helmet
rElec   .            C - +0 cloak
rCorr   .            (no gloves)
SInv    .            h - +0 pair of boots
Will    +....        c - amulet of the acrobat
Stlth   +++          K - +6 ring of strength
HPRegen 1.07/turn    (no ring)
MPRegen 0.19/turn

%: acrobat, guardian spirit
@: animating dead
A: fangs 3, regeneration 1, magic shield, antimagic bite, no potion heal 2
a: no special abilities


You were on level 9 of the Dungeon.
You visited 2 branches of the dungeon, and saw 10 of its levels.

You collected 467 gold pieces.

Inventory:

Hand Weapons
 L - a +1 dagger of pain (weapon)
Missiles
 m - 19 poisoned darts
Armour
 h - a +0 pair of boots (worn)
 C - a +0 cloak (worn)
 I - a +0 helmet (worn)
 M - a +1 robe of positive energy (worn)
Jewellery
 a - a +4 ring of protection
 c - an amulet of the acrobat (around neck)
 p - a ring of willpower
 q - a ring of fire
 v - an amulet of magic regeneration
 K - a +6 ring of strength (left hand)
Wands
 f - a wand of flame (29)
 D - a wand of paralysis (6)
 E - a wand of acid (12)
 G - a wand of roots (4)
Scrolls
 d - a scroll of enchant weapon
 i - 2 scrolls of amnesia
 j - 4 scrolls of blinking
 n - 6 scrolls of teleportation
 o - 2 scrolls of poison
 s - a scroll of acquirement
 t - a scroll of immolation {unknown}
 y - 5 scrolls of revelation {unknown}
 B - a scroll of vulnerability
 F - a scroll of enchant armour
 J - a scroll of identify
Potions
 b - a potion of magic
 e - 2 potions of enlightenment {unknown}
 g - 2 potions of curing {unknown}
 k - a potion of attraction {unknown}
 l - a potion of haste {unknown}
 r - 2 potions of brilliance {unknown}
 u - 3 potions of resistance {unknown}
 w - 3 potions of heal wounds {unknown}
 x - a potion of berserk rage {unknown}
 z - 2 potions of degeneration {unknown}
 A - a potion of mutation {unknown}
 H - a potion of cancellation {unknown}


   Skills:
 - Level 1.5 Dodging
 - Level 6.0 Stealth
 + Level 9.4 Spellcasting
 * Level 11.4 Necromancy
 + Level 3.1 Evocations


You had 15 spell levels left.
You knew the following spells:

 Your Spells              Type           Power      Damage    Failure   Level
a - Necrotise             Necr           100%       1d9       1%          1
b - Vampiric Draining     Necr           51%        2d9       1%          3
c - Animate Dead          Necr           51%        N/A       1%          4
d - Dispel Undead         Necr           51%        3d19      1%          4

Your spell library contained the following spells:

 Spells                   Type           Power      Damage    Failure   Level
 Kiss of Death            Conj/Necr      100%       2d13      1%          1
 Curse of Agony           Necr           51%        N/A       1%          5
 Shock                    Conj/Air       32%        1d5       8%          1
 Summon Small Mammal      Summ           32%        N/A       8%          1
 Call Canine Familiar     Summ           8%         N/A       24%         3
 Confusing Touch          Hex            8%         N/A       24%         3
 Dazzling Flash           Conj/Hex       16%        N/A       24%         3
 Swiftness                Air            8%         N/A       24%         3
 Volatile Blastmotes      Fire/Tloc      16%        2d11      24%         3
 Airstrike                Air            4%         2d(1-17)  61%         4
 Summon Blazeheart Golem  Fire/Summ      8%         N/A       61%         4
 Starburst                Conj/Fire      4%         6d3       100%        6
 Maxwell's Capacitive Co  Air            4%         ∞         100%        8


Dungeon Overview and Level Annotations

Branches:
Dungeon (9/15)             Temple (1/1) D:7            Lair (0/5) D:8
    Orc: D:9-12

Altars:
Ashenzari
Dithmenos
Elyvilon
Gozag
Hepliaklqana
Makhleb
Nemelex Xobeh
Okawaru
Qazlal
Ru
Sif Muna
Trog
Vehumet
Wu Jian
Xom
Zin
The Shining One

Shops:
D:7 (

Annotations:
D:9 1 exclusion, Joseph


Innate Abilities, Weirdness & Mutations

You have razor-sharp teeth.
Your natural rate of healing is unusually fast.
When hurt, damage is shared between your health and your magic reserves.
Your bite disrupts and absorbs the magic of your enemies.
Potions cannot restore your health.


Message History

The shadow is lightly damaged.
The shadow slips into darkness.
The shadow flickers and vanishes!
Deactivating autopickup; reactivate with Ctrl-A.
You miss something.
The shadow strikes at you from the darkness!
Reactivating autopickup.
You hit the shadow but do no damage. You bite the shadow, but do no damage.
The shadow is lightly damaged.
The shadow closely misses you.
Casting: Vampiric Draining (safe; 1% risk of failure)
Confirm with . or Enter, or press ? or * to list all spells.
You can't see any susceptible monsters within range! (Use Z to cast anyway.)
Casting: Vampiric Draining (safe; 1% risk of failure)
Confirm with . or Enter, or press ? or * to list all spells.
Okay, then.
Casting: Vampiric Draining (safe; 1% risk of failure)
Confirm with . or Enter, or press ? or * to list all spells.
Okay, then.
Casting: Vampiric Draining (safe; 1% risk of failure)
Confirm with . or Enter, or press ? or * to list all spells.
You call upon the dead to rise.
The shadow hits you!
Unknown command.
Casting: Animate Dead (dangerous; 1% risk of failure)
Confirm with . or Enter, or press ? or * to list all spells.
Okay, then.
Unknown command.
Casting: Animate Dead (dangerous; 1% risk of failure)
Confirm with . or Enter, or press ? or * to list all spells.
Aiming: Dispel Undead (dangerous; 1% risk of failure)
Press: ? - help, Shift-Dir - straight line, f - shadow
Aim: a shadow (lightly damaged, 100% to hit)
The shadow is dispelled!
The shadow slips into darkness.
The shadow flickers and vanishes!
Deactivating autopickup; reactivate with Ctrl-A.
You hit something.
The shadow strikes at you from the darkness!
Ouch! That really hurt!
You die...

#.#...##+#######'##
#.#..##...........#
##.#..##.......<...#
..................#
.................#
##..###...........##
#...# ####.........†
#{# #.#########
#@######.#########
#........##.......
###########.######
#.....######
#...........
#......#####
#####..# #..# #..#


There were no monsters in sight!

Vanquished Creatures
  Pikel (D:7)
  A wyvern (D:7)
  2 humans (D:8)
  A steam dragon (D:7)
  2 water moccasins (D:7)
  An orc warrior (D:8)
  3 ice beasts
  4 black bears
  An ogre (D:6)
  2 sky beasts
  A phantom (D:4)
  A kobold brigand (D:6)
  4 bullfrogs
  A gnoll sergeant (D:9)
  A scorpion (D:5)
  10 wights (D:8)
  10 killer bees
  2 electric eels (D:5)
  2 howler monkeys
  3 bombardier beetles
  4 hounds
  Crazy Yiuf (D:5)
  2 sleepcaps
  2 jellies (D:7)
  2 iguanas
  Jessica (D:3)
  Natasha (thrice) (D:3)
  5 orc wizards
  5 gnolls
  10 adders
  2 white imps
  An ufetubus (D:6)
  A ribbon worm (D:2)
  2 dart slugs
  4 orcs
  12 ball pythons
  9 endoplasms
  2 giant cockroaches
  7 hobgoblins
  6 bats
  5 frilled lizards
  12 kobolds
  5 rats
156 creatures vanquished.

Vanquished Creatures (collateral kills)
  A bombardier beetle (D:5)
  An orc (D:7)
  A kobold (D:6)
3 creatures vanquished.

Grand Total: 159 creatures vanquished

Notes
Turn   | Place    | Note
-------+----------+-------------------------------------------
     0 | D:1      | stipulation the Vine Stalker Necromancer began the quest
                  | for the Orb.
     0 | D:1      | Reached XP level 1. HP: 9/9 MP: 4/4
   150 | D:1      | Reached XP level 2. HP: 13/13 MP: 1/6
   533 | D:1      | Reached XP level 3. HP: 16/16 MP: 5/8
  1262 | D:2      | Found a faded altar of an unknown god.
  1460 | D:2      | Found a shimmering altar of Xom.
  1582 | D:3      | Noticed Jessica
  1585 | D:3      | Killed Jessica
  1586 | D:3      | Reached XP level 4. HP: 21/21 MP: 6/10
  1650 | D:3      | Noticed Natasha
  1657 | D:3      | Killed Natasha
  1658 | D:3      | Reached skill level 5 in Necromancy
  1705 | D:3      | Noticed Natasha
  1712 | D:3      | Killed Natasha
  1713 | D:3      | Reached XP level 5. HP: 24/24 MP: 6/12
  1979 | D:3      | Noticed Natasha
  1985 | D:3      | Killed Natasha
  2681 | D:3      | Identified a scroll of acquirement
  2793 | D:4      | Reached XP level 6. HP: 26/28 MP: 7/14
  2855 | D:4      | Reached skill level 6 in Necromancy
  2882 | D:4      | Learned a level 3 spell: Vampiric Draining
  2887 | D:4      | Learned a level 4 spell: Animate Dead
  2892 | D:4      | Learned a level 4 spell: Dispel Undead
  3057 | D:4      | Reached skill level 5 in Spellcasting
  3117 | D:4      | You fall into a shaft and drop 1 floor!
  3117 | D:5      | Entered Level 5 of the Dungeon
  3128 | D:5      | Noticed an ice beast
  3169 | D:4      | Reached XP level 7. HP: 19/32 MP: 7/16
  3491 | D:4      | Found a shimmering altar of Xom.
  3601 | D:5      | Found a transporter.
  3842 | D:5      | Found a transporter.
  3875 | D:5      | Reached skill level 7 in Necromancy
  4208 | D:5      | Gained mutation: You have razor-sharp teeth. [Vine Stalker
                  | growth]
  4208 | D:5      | Reached XP level 8. HP: 36/36 MP: 5/18
  4755 | D:5      | Found a radiant altar of Vehumet.
  4825 | D:5      | Reached skill level 8 in Necromancy
  4981 | D:5      | Found a runed translucent door.
  4982 | D:5      | Noticed Crazy Yiuf
  5114 | D:5      | Killed Crazy Yiuf
  6314 | D:6      | Reached skill level 9 in Necromancy
  6348 | D:7      | Found a staircase to the Ecumenical Temple.
  6356 | Temple   | Entered the Ecumenical Temple
  6556 | D:7      | Noticed a wyvern
  6562 | D:7      | Killed a wyvern
  6563 | D:7      | Reached XP level 9. HP: 32/39 MP: 6/22
  7122 | D:7      | Found Yprara's Weapon Shoppe.
  7288 | D:7      | Noticed Pikel
  7562 | D:7      | Reached skill level 10 in Necromancy
  7760 | D:8      | Found a shadowy altar of Dithmenos.
  7843 | D:8      | Found an opulent altar of Gozag.
  7889 | D:8      | Found an iron altar of Okawaru.
  7897 | D:8      | Reached skill level 5 in Stealth
  7901 | D:8      | Reached skill level 1 in Evocations
  8163 | D:8      | Found a sparkling altar of Nemelex Xobeh.
  8213 | D:8      | Found a staircase to the Lair.
  8670 | D:8      | Reached XP level 10. HP: 27/42 MP: 16/23
  9234 | D:8      | Reached skill level 11 in Necromancy
  9538 | D:7      | Killed Pikel
 10253 | D:9      | Noticed Joseph
 10290 | D:9      | Mangled by a shadow

Illustrated notes

Levels and vault maps discovered:
D:1:      elethiomel_arrival_quiet, layout_basic
D:2:      layout_basic, basic_altar, chequers_ecumenical_altar_island,
          nicolae_the_louvre
D:3:      layout_basic, uniq_natasha, uniq_jessica
D:4:      layout_rooms, xom_teletrap_fun
D:5:      gammafunk_steamed_eel, layout_cave_pods, vehumet_altar_wand_db,
          uniq_crazy_yiuf_cottage
D:6:      layout_basic
D:7:      wad_river_or_something, layout_basic, minmay_temple_entry_junction_2,
          serial_shops, shop, uniq_pikel
D:8:      layout_loops_corners, okawaru_humans, kennysheep_little_box,
          mainiacjoe_overflow_surrounded_room, nemelex_spade_bored_becter,
          lair_entry_dummy
D:9:      layout_basic, yredelemnul_altar_generic, uniq_joseph
Temple:   hellmonk_temple_of_storms

Skill      XL: |  1  2  3  4  5  6  7  8  9 10 |
---------------+-------------------------------+-----
Spellcasting   | 3 4 5 6 8 9 |  9.4
Necromancy     | 5 6 7 9 10 11 | 11.4
Stealth        | 3 5 6 |  6.0
Evocations     | 1 3 |  3.1
Dodging        | |  1.5

Action                     |  1- 3 |  4- 6 |  7- 9 | 10-12 || total
---------------------------+-------+-------+-------+-------++-------
  Melee: Unarmed           |    33 |       |       |       ||    33
         Bite              |     9 |     7 |    23 |     3 ||    42
         Dagger            |       |    29 |    66 |    27 ||   122
         Punch             |       |     1 |     1 |     1 ||     3
   Cast: Necrotise         |    65 |    75 |   194 |    41 ||   375
         Vampiric Draining |       |     4 |    30 |    14 ||    48
         Dispel Undead     |       |       |       |     3 ||     3
         Animate Dead      |       |       |       |     1 ||     1
  Evoke: Wand              |       |       |    15 |    26 ||    41
    Use: Scroll            |       |     6 |     2 |       ||     8
   Stab: Distracted        |     1 |       |       |       ||     1
 Armour: Robe              |    32 |    33 |   101 |    49 ||   215
  Dodge: Dodged            |    29 |    32 |    81 |    63 ||   205
